[Event "4th ESNA Championship 2022"]
[Site "Vaduz"]
[Date "2022.09.28"]
[Round "6.3"]
[White "Berend, Fred"]
[Black "Michaelides, Konstantinos"]
[Result "1-0"]
[ECO "D02"]
[WhiteElo "2300"]
[BlackElo "2304"]
[Annotator "TA"]
[PlyCount "137"]
[EventDate "2022.09.25"]
[EventType "tourn"]
[EventCountry "LIE"]
[SourceTitle "playchess.com"]
[Source "ChessBase"]
[SourceQuality "1"]
[TimeControl "40/5400+30:1800+30"]

1. d4 d5 2. Nf3 e6 3. Bf4 Nf6 4. e3 c5 5. c3 Bd6 6. Bd3 {[%emt 0:05:23] D02: 1 d4 d5 2 Nf3 sidelines, including 2...Nf6 3 g3 and 2...Nf6 3 Bf4.} O-O 7. dxc5 Bxc5 8. Nbd2 {[%emt 0:01:48] The position is equal.} Nbd7 9. O-O {[%emt 0:04:48] [#]} Be7 $146 ({Predecessor:} 9... Re8 10. Ne5 Nxe5 11. Bxe5 Bd6 12. Bxd6 Qxd6 13. c4 Bd7 14. cxd5 Qxd5 15. Be2 Bb5 16. Bxb5 Qxb5 17. Qb3 Qxb3 {½-½ (17) Reinhardt,B (2188)-Krieger,M (2050) Davos 2021}) 10. Ne5 Nxe5 11. Bxe5 Nd7 12. Bg3 (12. Qh5 $2 g6 13. Qe2 Nxe5 $19) 12... Nc5 13. Bc2 b6 14. Qb1 (14. b4 $5 Nd7 15. e4 $11 (15. Qh5 g6 $15)) 14... h6 15. Rd1 Bb7 16. e4 Qc8 17. exd5 exd5 18. Bh7+ Kh8 {[%emt 0:00:01] ...f5 is the strong threat.} 19. Bf5 Qc6 20. Nf3 Bc8 21. Be5 Ne4 22. Nd4 Qb7 23. Qd3 Bf6 (23... Bc5 $11) 24. Bxf6 $16 Nxf6 25. Qh3 Re8 26. Rd3 Bxf5 27. Nxf5 {[%emt 0:02:18] And now Rg3 would win.} Qd7 28. Qf3 {[%emt 0:00:14] Against Re2} Re5 29. Ne3 Qb5 {[%emt 0:01:44][%csl LRb2,LRd3] Prevents c4.} 30. Rad1 Rae8 31. b3 a5 (31... Qa6 $11) 32. h3 Qc5 33. Kh2 ({White should play} 33. Nxd5 $16 Ne4 34. b4 (34. Qxf7 Rf8 $11) 34... axb4 35. cxb4) 33... Qc7 34. g3 Rc8 {[%emt 0:00:39] This move loses the game for Black.} ({Better is} 34... Qc8 $14) 35. Nxd5 $18 Nxd5 36. Rxd5 Rxd5 37. Rxd5 {[%emt 0:00:07][%mdl 4096] Endgame KQR-KQR} Kg8 38. c4 Re8 39. Qd3 g6 (39... Kf8 {is a better defense.} 40. a4 Re1) 40. Qd4 h5 (40... a4 $142 41. bxa4 Qc6) 41. a4 Rb8 42. Kg1 Re8 43. Kf1 Qc6 44. h4 $40 {[%emt 0:00:00][%mdl 128] White wants a kill.} Kh7 45. Qf4 Kg7 (45... Qe6 $2 46. Kg2) 46. Qf3 Qe6 (46... Re6 $16 47. Qc3+ Kh7) 47. Kg2 {[%emt 0:00:00] Active counter play!} Qe1 48. Rd1 Qe5 (48... Qb4 $142 49. Rd7 Re7) 49. Rd7 Re7 50. Qd5 Qxd5+ 51. Rxd5 {[%emt 0:00:00] KR-KR} Rc7 (51... Re2 $142 52. Rd6 Rc2 53. Rxb6 Rc3) 52. Kf3 Rc6 53. Ke4 {[%emt 0:00:00] Strongly threatening Rb5.} Rf6 $2 (53... Kf6 {was called for.} 54. f3 Ke6) 54. f4 Re6+ 55. Kd4 {[%emt 0:00:00] aiming for c5.} Re1 $2 (55... Kf6 56. c5 bxc5+ 57. Kxc5 (57. Rxc5 Ra6 $18) 57... Re3) 56. Rb5 Rg1 57. Rxb6 Rxg3 58. c5 {[%emt 0:00:00][%cal Bc4c5,Bc5c6,Bc6c7][%mdl 32] Hoping for c6.} Rg4 59. Ke5 Rxh4 60. c6 {[%emt 0:00:00] White threatens c7 and mate.} Rh1 61. c7 Rc1 {[%emt 0:00:16] [#]} 62. Kd6 $1 h4 63. Rc6 Rd1+ {[%emt 0:00:30] [#]} 64. Ke7 $1 {[%emt 0:00:00] Rc2 would kill now.} h3 65. Rc2 {[%emt 0:00:00] White mates.} Re1+ 66. Kd7 Rd1+ 67. Kc6 h2 68. Rxh2 Rc1+ 69. Kb7 {[%emt 0:00:00] Weighted Error Value: White=0.14 (very precise) /Black=0.34} 1-0

[Event "4th ESNA Championship 2022"]
[Site "Vaduz"]
[Date "2022.09.28"]
[Round "6.4"]
[White "Henderson de La Fuente, Lance"]
[Black "Kirby, Peter J."]
[Result "1-0"]
[ECO "B51"]
[WhiteElo "2504"]
[BlackElo "2011"]
[Annotator "TA"]
[PlyCount "55"]
[EventDate "2022.09.25"]
[EventType "tourn"]
[EventCountry "LIE"]
[SourceTitle "playchess.com"]
[Source "ChessBase"]
[SourceQuality "1"]
[TimeControl "40/5400+30:1800+30"]

1. e4 c5 2. Nf3 Nc6 3. Bb5 d6 4. O-O Bd7 5. Re1 e6 6. c3 a6 7. Bxc6 {[%emt 0:06:59] B51: Sicilian: Moscow Variation (3 Bb5+) without 3...Bd7.} Bxc6 8. d4 d5 9. Ne5 {[%emt 0:02:47] White has an edge.} Nf6 {[%emt 0:08:33] Inhibits Qh5.} 10. Nxc6 bxc6 {[%emt 0:00:33] [#]} 11. Qa4 $146 ({Predecessor:} 11. e5 Nd7 12. Qg4 Qb6 13. Nd2 cxd4 14. cxd4 c5 15. Nf3 g6 16. Be3 cxd4 17. Bxd4 Bc5 18. Bxc5 Nxc5 19. Ng5 h6 20. Qh4 Qd8 21. Qd4 Nd7 22. Nf3 O-O {½-½ (22) Doerfler,G (2021)-Coduro,O (1976) Germany 2005}) 11... Qd7 12. e5 Ng8 13. dxc5 (13. Be3 $14) 13... Bxc5 $11 14. Qg4 g6 15. Qf3 Bf8 16. Nd2 Bg7 17. Nb3 Ne7 18. Bg5 Qc7 19. Bf6 Bxf6 20. Qxf6 (20. exf6 {with more complications.} Nf5 21. Nc5 O-O 22. g4) 20... Rf8 (20... O-O $11 {keeps the balance.}) 21. Rac1 c5 22. c4 d4 23. Nd2 {[%emt 0:00:53][%cal Bb3d2,Bd2e4,Be4c5][%mdl 32] White is much more active. The black rooks are badly placed.} h5 24. h3 Nc6 25. Ne4 Qxe5 {[%emt 0:03:27] [#]} (25... Qe7 $16 {was worth a try.}) 26. Qh4 $1 $18 {[%emt 0:00:13] Black must now prevent Nf6+.} ({Stronger than} 26. Qxe5 Nxe5 27. Nxc5 Nc6 $11) 26... f6 $2 (26... g5 27. Nxg5 Qf5) 27. f4 {[%emt 0:00:39][%mdl 64] Deflection} Qc7 28. Nxc5 {[%emt 0:03:46] Weighted Error Value: White=0.08 (flawless) /Black=0.29 (precise)} 1-0

[Event "4th ESNA Championship 2022"]
[Site "Vaduz"]
[Date "2022.09.28"]
[Round "6.5"]
[White "Carpenter, Paul A"]
[Black "Efimov, Igor"]
[Result "0-1"]
[ECO "B40"]
[WhiteElo "1986"]
[BlackElo "2360"]
[Annotator "TA"]
[PlyCount "68"]
[EventDate "2022.09.25"]
[EventType "tourn"]
[EventCountry "LIE"]
[SourceTitle "playchess.com"]
[Source "ChessBase"]
[SourceQuality "1"]
[TimeControl "40/5400+30:1800+30"]

1. e4 c5 2. Nf3 e6 3. d3 Nc6 4. c3 Nf6 5. Bg5 h6 6. Bh4 {[%emt 0:01:07] B40: Sicilian: 2...e6, Unusual lines.} d6 {[%emt 0:02:01] [#]} 7. Na3 $146 ({Predecessor:} 7. Be2 Be7 8. Nbd2 g5 9. Bg3 g4 10. Ng1 h5 11. h3 Rg8 12. hxg4 hxg4 13. Qc2 {0-1 (46) Kevorkov,A (2277)-Luch,M (2429) Germany 2012}) 7... Be7 8. Nc4 {[%emt 0:03:03] The position is equal.} O-O 9. h3 (9. Be2 $11) 9... b5 10. Ne3 b4 11. g4 (11. Be2 $11 {keeps the balance.}) 11... bxc3 12. bxc3 d5 $1 13. Qc2 Qa5 14. Rc1 Nd4 15. Nxd4 cxd4 16. e5 Ba3 (16... dxe3 17. exf6 gxf6 18. Bg2 $17) 17. exf6 Bxc1 ({Stronger than} 17... dxe3 18. Rb1 $17) 18. fxg7 Kxg7 19. Qxc1 dxe3 20. d4 $2 (20. fxe3 $17 {is tougher.} Qxa2 21. Bg3) 20... exf2+ (20... Rb8 $142 21. Bd3 Ba6 22. Bxa6 Qxa6 23. fxe3 Rfc8) 21. Kxf2 $19 Qxa2+ $2 (21... Ba6 $19 22. Be7 Rfc8 23. Bxa6 Qxa6) 22. Kg1 $15 f6 ({Black should play} 22... Ba6 $17 23. Rh2 Qa4) 23. Rh2 $11 Qa5 {[%emt 0:00:15] Hoping for ...Ba6.} 24. g5 $1 fxg5 25. Bxg5 Kh8 $2 (25... hxg5 $2 26. Qxg5+ Kf7 27. Rf2+ Ke8 28. Qg6+ Kd7 29. Rxf8 Qxc3 30. Qe8+ (30. Kh1 Kc7 $18) 30... Kd6 31. Qd8+ Bd7 32. Qxa8 $18) (25... Ba6 $11 26. Bxh6+ Kh7 27. Bxf8 Rxf8) 26. Bxh6 $2 (26. Be7 {mates} Kg7 27. Rg2+ Kf7 28. Bxf8 Ke8 29. Qf4 Kd8 30. Be7+ $1 Ke8 31. Rg8+ Kxe7 32. Rg7+ Ke8 33. Qf7+ Kd8 34. Rg8#) 26... Rg8+ $16 {[%emt 0:00:10] [#]} 27. Kh1 $1 {[%emt 0:00:27][%mdl 1024] White has strong compensation.} Ba6 {[%emt 0:02:00] And now ...Bxf1 would win.} 28. Bf4 $2 {[%emt 0:01:10] This bishop pair is nice.} (28. Rf2 $16 {White threatens Rf7 and mate.} e5 29. Bg5 Bxf1 30. Bf6+ Kh7 31. Bxe5) 28... Raf8 $11 29. Be5+ Kh7 30. Bg2 (30. Qb1+ $11 Rg6 31. c4) 30... Bd3 $19 {[%emt 0:00:26] White must now prevent ...Qa6.} 31. Qe1 Rg6 32. Qh4+ Kg8 {[%emt 0:00:07] ( -> ...Qa1+)} 33. Qh8+ Kf7 34. Qh7+ Ke8 {[%emt 0:00:02] Weighted Error Value: White=0.89/Black=0.50} 0-1

[Event "4th ESNA Championship 2022"]
[Site "Vaduz"]
[Date "2022.09.29"]
[Round "7.1"]
[White "Efimov, Igor"]
[Black "Mizzi, Jack"]
[Result "1-0"]
[ECO "B12"]
[WhiteElo "2360"]
[BlackElo "1863"]
[Annotator "TA"]
[PlyCount "57"]
[EventDate "2022.09.25"]
[EventType "tourn"]
[EventCountry "LIE"]
[SourceTitle "playchess.com"]
[Source "ChessBase"]
[SourceQuality "1"]
[TimeControl "40/5400+30:1800+30"]

1. e4 c6 2. d4 d5 3. e5 c5 4. dxc5 e6 5. Be3 Qc7 6. Nc3 {[%emt 0:06:26] [#] Strongly threatening Nb5. B12: Caro-Kann: Advance Variation.} ({Don't play} 6. Bb5+ Bd7 7. Nc3 Bxb5 8. Nxb5 Qa5+ 9. Nc3 Bxc5 $11) 6... Bd7 7. Nb5 {[%emt 0:02:12] White is more active.} Bxb5 (7... Qxe5 $2 8. Nf3 Qh5 9. Nc7+ Kd8 10. Nxa8 $18) 8. Bxb5+ {[%emt 0:00:07] White is slightly better.} Nc6 {[%emt 0:00:38] [#] aiming for ...Qa5+.} 9. Qe2 $146 (9. Ne2 $14) ({Predecessor:} 9. b4 a5 10. a3 Qxe5 11. Nf3 Qc7 12. Ba4 axb4 13. axb4 Qc8 14. O-O Nf6 15. Bxc6+ bxc6 16. Rxa8 Qxa8 {1-0 (24) Ponkratov,P (2630)-Piorun,K (2634) St Petersburg 2018}) 9... Nge7 ({Black should play} 9... a6 $11 10. Bxc6+ Qxc6) 10. Nf3 $14 a6 {[%emt 0:12:46] And now ...Qa5+ would win.} 11. Bxc6+ Nxc6 12. O-O-O (12. O-O $14) 12... Qa5 $11 13. Kb1 Bxc5 14. Bxc5 (14. c3 {seems wilder.} Be7 15. h4 Qa4 16. Nd4) 14... Qxc5 15. h4 O-O-O 16. h5 h6 17. Rh4 d4 18. Rf4 Rhf8 19. Qe4 Kb8 20. a3 (20. Rg4 $5 ) 20... Rd5 21. g4 a5 22. Nxd4 Nxd4 (22... Nxe5 $11 {keeps the balance.} 23. Qe2 Qc4 24. Qxc4 Nxc4) 23. Rxd4 $16 Rxe5 {[%emt 0:00:16] [#]} 24. Qd3 Re1+ (24... f6 $16 {keeps fighting.}) 25. Ka2 $18 Rc1 $2 (25... Re5 26. b4 axb4) 26. Rc4 Qb6 27. Rfd4 e5 28. Rd6 e4 29. Qd5 {[%emt 0:00:25] Weighted Error Value: White=0.12 (very precise) /Black=0.58} ({Less strong is} 29. Rxb6 exd3 30. cxd3 Rxc4 31. dxc4 Rd8 $16) 1-0

[Event "4th ESNA Championship 2022"]
[Site "Vaduz"]
[Date "2022.09.29"]
[Round "7.2"]
[White "Kirby, Peter J."]
[Black "Carpenter, Paul A"]
[Result "1/2-1/2"]
[ECO "A85"]
[WhiteElo "2011"]
[BlackElo "1986"]
[Annotator "TA"]
[PlyCount "69"]
[EventDate "2022.09.25"]
[EventType "tourn"]
[EventCountry "LIE"]
[SourceTitle "playchess.com"]
[Source "ChessBase"]
[SourceQuality "1"]
[TimeControl "40/5400+30:1800+30"]

1. d4 e6 2. c4 f5 3. Nc3 Nf6 4. e3 Be7 5. Bd3 O-O 6. Nge2 d6 {[%emt 0:00:38] A85: Dutch Defence: 2 c4 Nf6 3 Nc3.} 7. e4 {[%emt 0:05:40] [#]} Nc6 $146 (7... Nxe4 $11 8. Nxe4 fxe4 9. Bxe4 d5) ({Predecessor:} 7... fxe4 8. Nxe4 Nc6 9. O-O e5 10. d5 Nb4 11. Nxf6+ Bxf6 12. Be4 Na6 13. Qc2 g6 14. Be3 {0-1 (35) Sarkar,J (2328)-Carl,K Linthicum 2018}) 8. exf5 $14 exf5 {[%emt 0:09:40] White is better.} 9. O-O Qe8 10. Bc2 Nb4 11. Bb1 c6 12. a3 Na6 13. Re1 Qf7 14. Ng3 g6 15. f3 Re8 16. Ba2 Kh8 17. Bf4 h5 18. Bg5 (18. Qd2 $16) 18... Ng8 (18... Bd7 $14) 19. c5 {[%emt 0:04:14] White is much more active.} (19. h4 $16) 19... d5 20. Bxe7 ({Reject} 20. Qe2 {[#]} Nxc5 $1 21. Bf4 (21. Qe5+ Kh7 $17) 21... Ne6 22. Be5+ Kh7 $17) 20... Rxe7 21. Rxe7 Qxe7 22. Qd2 {[%emt 0:01:16] Against Qe3+} Bd7 23. Re1 Qf6 24. Qf4 (24. Bb1 $14) 24... Rc8 25. Qe5 Kg7 26. f4 ({Better is} 26. Qxf6+ $11 Nxf6 27. Re7+ Kf8 28. Re5) 26... Re8 27. Qxf6+ Nxf6 28. Rxe8 Bxe8 29. Bb1 Ne4 30. Bxe4 fxe4 31. Kf2 Nc7 32. Ke3 (32. Nf1 $11) 32... Kf6 33. Nce2 Bd7 34. h3 Ne8 35. Nf1 {[%emt 0:20:20] Weighted Error Value: White=0.18 (very precise) /Black=0.16 (very precise)} 1/2-1/2

[Event "4th ESNA Championship 2022"]
[Site "Vaduz"]
[Date "2022.09.29"]
[Round "7.3"]
[White "Michaelides, Konstantinos"]
[Black "Henderson de La Fuente, Lance"]
[Result "0-1"]
[ECO "E05"]
[WhiteElo "2304"]
[BlackElo "2504"]
[Annotator "TA"]
[PlyCount "124"]
[EventDate "2022.09.25"]
[EventType "tourn"]
[EventCountry "LIE"]
[SourceTitle "playchess.com"]
[Source "ChessBase"]
[SourceQuality "1"]
[TimeControl "40/5400+30:1800+30"]

1. d4 Nf6 2. c4 e6 3. g3 d5 4. Bg2 Be7 5. Nf3 O-O 6. O-O dxc4 7. Qc2 a6 8. a4 Bd7 9. Qxc4 Bc6 10. Bg5 Bd5 11. Qc2 Be4 12. Qc1 a5 {[%emt 0:02:23] E05: Open Catalan: 5 Nf3 Be7.} 13. Nc3 Bxf3 14. Bxf3 c6 {[%emt 0:00:08] White has an edge.} 15. Rd1 {[%emt 0:01:48] [#]} Nd5 $146 ({Predecessor:} 15... Na6 16. e4 Nb4 17. Kg2 Re8 18. h4 Rc8 19. e5 Nfd5 20. Ne4 Rc7 21. Qd2 Qa8 {1-0 (48) Bortnyk,M (2462)-Grinev,V (2414) Omelnyk 2018}) 16. Bxe7 Qxe7 17. e4 Nb4 18. Qd2 Rd8 19. Qe2 e5 20. dxe5 Nd7 21. e6 Qxe6 22. Bg4 Qe7 23. Bxd7 Rxd7 24. Rxd7 Qxd7 25. Rd1 Qe7 26. Qd2 Na6 27. Qd4 Nc5 28. e5 Ne6 29. Qd6 Qxd6 30. Rxd6 $11 {[%emt 0:00:32][%mdl 4096] Endgame KRN-KRN} Nc5 {[%emt 0:10:24] Against Ne4} 31. f4 g6 32. Kf2 Ra6 33. Ke3 Rb6 34. Rd2 (34. Rd8+ $11 Kg7 35. Ra8) 34... Rb4 (34... Kg7 $17) 35. Rd8+ $1 Kg7 36. Ra8 Nxa4 37. Rxa5 Nxb2 {[%emt 0:00:40] [#] And now ...Nc4+ would win.} 38. Ra7 g5 39. Ne4 $1 gxf4+ 40. gxf4 Rb3+ 41. Kd4 Rb4+ 42. Ke3 Rb3+ 43. Kd4 Rd3+ 44. Kc5 Rd5+ 45. Kb6 {[%emt 0:02:06] Threatens to win with Nd6.} Rd4 46. Nf6 (46. Ng3 $11 Rb4+ 47. Kc7) 46... Rb4+ $15 (46... Rxf4 $2 47. Nh5+ Kh6 48. Nxf4 $18) 47. Kc7 Kg6 $1 (47... Rxf4 $2 48. Nh5+ Kg6 49. Nxf4+ $18) 48. Rxb7 Rxb7+ (48... c5 $1 $15 49. Rb6 Rxb6 50. Kxb6 c4) 49. Kxb7 {[%emt 0:00:02] KN-KN} c5 {[%emt 0:00:01] aiming for ...Kf5.} 50. Ne4 c4 {[%emt 0:00:54] White must now prevent ...Kf5.} 51. Nd6 {[%emt 0:01:24][%mdl 8192] White does not recover from this.} (51. Kc6 $11) 51... c3 $19 52. f5+ {[%emt 0:00:56] [#]} Kg7 $1 53. e6 fxe6 54. fxe6 Kf8 55. Kc6 Ke7 ({Weaker is} 55... c2 56. Kd7 c1=Q 57. e7+ Kg7 58. e8=Q $14) 56. Kd5 c2 57. Nf5+ Ke8 58. Ng7+ Kd8 59. Ke5 c1=Q {[%emt 0:00:22] ( -> ...Qc7+)} 60. Kf6 Qf4+ {[%emt 0:01:20] Black mates.} 61. Nf5 Nc4 62. e7+ Ke8 {[%emt 0:00:11] Weighted Error Value: White=0.40/Black=0.04 (flawless)} 0-1

[Event "4th ESNA Championship 2022"]
[Site "Vaduz"]
[Date "2022.09.29"]
[Round "7.4"]
[White "Volpinari, Danilo"]
[Black "Berend, Fred"]
[Result "1/2-1/2"]
[ECO "D00"]
[WhiteElo "1929"]
[BlackElo "2300"]
[Annotator "TA"]
[PlyCount "219"]
[EventDate "2022.09.25"]
[EventType "tourn"]
[EventCountry "LIE"]
[SourceTitle "playchess.com"]
[Source "ChessBase"]
[SourceQuality "1"]
[TimeControl "40/5400+30:1800+30"]

1. d4 Nf6 2. Bg5 d5 3. Bxf6 gxf6 4. e3 c5 5. c3 Qb6 6. Qb3 {[%emt 0:04:53] D00: 1 d4 d5: Unusual lines.} e6 7. Nd2 Nc6 8. Ne2 Bd7 {[%emt 0:03:07] [#]} 9. g3 $146 ({Predecessor:} 9. Nf4 Bd6 10. Nh5 Ke7 11. Be2 Qxb3 12. axb3 a5 13. dxc5 Bxc5 14. Nf4 Ne5 15. O-O {½-½ (25) Saiyn,Z (2399)-Vorobiov,E (2591) Pardubice 2014}) 9... Na5 10. Qxb6 axb6 11. Rc1 f5 12. Nf4 Bd6 13. a3 Ke7 14. Bd3 Rhc8 15. Ke2 cxd4 16. cxd4 b5 17. Rxc8 Rxc8 18. Rb1 Nc4 19. Nxc4 bxc4 20. Bc2 Ra8 21. Kd2 Bc7 22. Ne2 b5 23. Nc3 Bd6 24. Na2 Be8 25. f4 Kd7 26. Kc3 Kc7 27. Nb4 Bd7 28. Rg1 Rg8 29. Bd1 Rg6 30. Rg2 Rg7 31. Bf3 Bc8 (31... Be7 $15) 32. Rf2 Bb7 33. Rd2 Be7 34. Rf2 Kd6 35. Rg2 ({White should try} 35. b3 $11) 35... Bd8 $15 36. Rf2 Ba5 37. Bh5 Bc6 38. Bd1 Be8 39. Bh5 Ke7 40. Bf3 Rg8 41. Rg2 Bd7 42. Be2 Kf6 43. Bf3 Be8 44. Be2 Rg6 45. Bf3 Ke7 46. Bd1 Kf8 47. Bf3 Kg7 48. Kc2 Kh6 49. Rf2 Rg8 50. Be2 (50. Rg2 $1 $11) 50... Bd7 51. Bf3 Ra8 (51... Kg6 $15) 52. Kc3 Be8 53. Rg2 Ra7 54. Bd1 f6 55. g4 {[%emt 0:00:00] Against Bh5} fxg4 56. Rxg4 Bg6 57. Rg3 Bf5 ({Better is} 57... Kg7 $15) 58. Be2 Rg7 59. Bf3 Rg6 60. Be2 Kg7 61. Bh5 Rxg3 62. hxg3 $11 {[%emt 0:00:00][%mdl 4096] Endgame KBB-KBN} Kf8 {[%emt 0:00:08] Against Be8} 63. Bf3 Ke7 64. Be2 Kd6 65. Bh5 Ke7 {[%emt 0:00:16] Prevents Be8.} 66. Kd2 Be4 67. Kc1 {[%emt 0:00:41] [#] Hoping for Nc6+.} Kd7 {[%emt 0:00:19] Inhibits Nc6.} 68. Bg4 Kd6 69. Kd2 Bg6 70. Bf3 h6 71. Kc3 e5 72. Be2 Bf7 73. Bf3 Bb6 74. Be2 Bd8 75. Kd2 h5 76. Bf3 Bb6 77. Kc3 Ba5 78. Kd2 Bg6 79. Ke2 e4 80. Bg2 Bf5 81. Kf2 Bd8 82. Kg1 Bg4 83. Kh2 Be6 84. Bf1 Bg4 85. Bg2 f5 86. Bf1 Ke6 87. Bg2 Bd1 88. Bh3 h4 89. Bf1 Be7 90. Bh3 Bh5 91. Bf1 Kd6 92. Bh3 hxg3+ 93. Kxg3 Bg6 94. Bf1 Bf7 95. Be2 Kc7 96. Bd1 Bf6 97. Kf2 (97. Bh5 $5 Be6 98. Be8 $11) 97... Bh4+ 98. Ke2 Kd6 99. Kf1 Bg3 100. Ke2 Bh5+ 101. Kd2 Bg6 102. Be2 Bf7 103. Bd1 Be6 ({Black should play} 103... Be8 $11) 104. Bh5 $14 Ke7 {[%emt 0:01:25] Prevents Be8.} 105. Nc6+ Kf8 {[%emt 0:00:58] The position is equal.} 106. Nb4 Bh4 107. Na6 Bd8 $1 {[%emt 0:00:32] Against Nc7} 108. Nb4 Ba5 109. Kc2 Bd8 110. Nc6 {[%emt 0:00:19] Weighted Error Value: White=0.12 (very precise) /Black=0.13 (very precise)} 1/2-1/2

[Event "4th ESNA Championship 2022"]
[Site "Vaduz"]
[Date "2022.09.29"]
[Round "7.5"]
[White "Apol, Luitjen Akselsson"]
[Black "Frick, Renato"]
[Result "1-0"]
[ECO "B37"]
[WhiteElo "2113"]
[BlackElo "1875"]
[Annotator "TA"]
[PlyCount "93"]
[EventDate "2022.09.25"]
[EventType "tourn"]
[EventCountry "LIE"]
[SourceTitle "playchess.com"]
[Source "ChessBase"]
[SourceQuality "1"]
[TimeControl "40/5400+30:1800+30"]

1. e4 c5 2. Nf3 g6 3. d4 cxd4 4. Nxd4 Nc6 5. c4 Bg7 6. Nc2 Nf6 7. Nc3 d6 8. Be2 Be6 (8... Nd7 $5 ) 9. Be3 {[%emt 0:03:25] B37: Sicilian: Maroczy Bind with 5...Bg7, sidelines.} Qa5 {[%emt 0:06:14] [#] White must now prevent ...Nxe4.} 10. O-O $146 ({Predecessor:} 10. Qd2 Ng4 11. Bxg4 Bxg4 12. Nd4 Rc8 13. O-O O-O 14. Rac1 Nxd4 15. Bxd4 Rxc4 16. Bxg7 Kxg7 {0-1 (37) Shalamberidze,A (2330)-Zapletal,J (2210) Pardubice 1993}) 10... Ne5 11. Na3 {[%emt 0:13:35] White is slightly better.} O-O 12. f3 (12. f4 $1 $14 Nc6 13. Nc2) 12... Rfc8 $11 13. Nd5 Nc6 (13... Nxd5 $11 14. cxd5 Bd7) 14. Nb5 Nd7 15. Nbc3 Bxc3 (15... Nb6 $14 {is more appropriate.}) 16. Nxc3 $16 Nce5 17. Nd5 Bxd5 18. cxd5 Nc4 19. Bd4 e5 (19... Qb4 $16) 20. dxe6 $1 $18 fxe6 21. b3 Ncb6 22. Kh1 d5 23. exd5 Qxd5 24. f4 {[%emt 0:01:49] Inhibits Ne5. Strongly threatening Bf3.} e5 {[%emt 0:01:42] [#]} (24... Rf8 $16 25. Bf3 Qd6) 25. Bxb6 {[%emt 0:03:59] A strong pair of Bishops.} (25. Bg1 $1 $18) 25... Qxd1 $16 26. Raxd1 Nxb6 27. fxe5 Re8 28. Bf3 {[%emt 0:00:12] White is more active.} Rxe5 29. Bxb7 Rf8 30. Bf3 Rc8 31. Rd2 Kg7 32. h3 Rc7 33. Kh2 Rce7 34. Rc2 Nd5 35. Rfc1 {[%emt 0:00:27] Rc5 is the strong threat.} Nb4 36. Rd2 Na6 37. Rc8 Nc5 38. Ra8 Ne6 39. Rd6 Ng5 {[%emt 0:00:27] [#]} (39... Re3 $16 40. Bd5 Nc7) 40. Ra6 $1 $18 Nxf3+ 41. gxf3 {[%emt 0:30:01][%mdl 4096] Endgame KRR-KRR} Re2+ 42. Kg3 R7e5 (42... Rb7 {was worth a try.} 43. R6xa7 Ree7 44. Rxb7 Rxb7) 43. R8xa7+ Kh6 44. Ra5 Rg2+ $2 (44... Rxa5 $18 45. Rxa5 Rb2) 45. Kxg2 {[%emt 0:00:00] White mates.} Re2+ 46. Kg3 Rg2+ 47. Kxg2 {[%emt 0:00:00] Weighted Error Value: White=0.13 (very precise) /Black=0.37} 1-0

[Event "4th ESNA Championship 2022"]
[Site "Vaduz"]
[Date "2022.09.30"]
[Round "8.1"]
[White "Mizzi, Jack"]
[Black "Frick, Renato"]
[Result "1-0"]
[ECO "E00"]
[WhiteElo "1863"]
[BlackElo "1875"]
[Annotator "NA RC COMBH"]
[PlyCount "119"]
[EventDate "2022.09.25"]
[EventType "tourn"]
[EventCountry "LIE"]
[SourceTitle "playchess.com"]
[Source "ChessBase"]
[SourceQuality "1"]
[TimeControl "40/5400+30:1800+30"]

1. d4 Nf6 2. c4 e6 3. g3 Bb4+ 4. Nd2 c6 5. Bg2 d5 6. Qc2 O-O 7. Ngf3 Ne4 8. O-O Nxd2 9. Bxd2 Bxd2 10. Qxd2 Nd7 11. Rac1 Qe7 12. Rfd1 b6 13. cxd5 cxd5 14. Rc7 Qd6 15. Rdc1 Rd8 16. R1c6 Qf8 17. Qc2 h6 18. h4 Nf6 19. Ne5 Bd7 20. Rc3 Qd6 21. Bf3 Be8 22. e3 a5 23. Rb7 Rab8 24. Ra7 Ra8 25. Rxa8 Rxa8 26. Rc8 Rxc8 27. Qxc8 Kf8 28. a3 g6 29. g4 Nd7 30. Qd8 Qe7 31. Nxd7+ Qxd7 32. Qxb6 Qe7 33. Qxa5 Qxh4 34. Qc5+ Kg7 35. Qd6 Bb5 36. Kg2 Bd3 37. Qf4 Qd8 38. Qe5+ Kg8 39. e4 Bc4 40. exd5 exd5 41. Qe3 Qb8 42. b4 Qa8 43. Bd1 Bb5 44. Qb3 Qe8 45. a4 Be2 46. b5 Bc4 47. Qc3 Qd8 48. Bf3 Kg7 49. Qb4 Qf6 50. Qc3 h5 51. Qe3 hxg4 52. Bxg4 Qd8 53. Qd2 f5 54. Bd1 Qh4 55. Qe3 f4 56. Qe5+ Kh7 57. Bf3 Bb3 58. b6 Bxa4 59. b7 Bd7 60. b8=Q 1-0